 Dungeon Crawl Stone Soup version 0.25.0-33-gff14898491 (console) character file.

Game seed: 7539110927134739710

12202 Kagalorn the Scholar (level 11, 0/106 HPs)
             Began as an Octopode Wizard on July 7, 2020.
             Was an Elder of Sif Muna.
             Slain by an unseen horror (7 damage)
             ... on level 9 of the Dungeon.
             The game lasted 00:46:04 (20761 turns).

Kagalorn the Scholar (Octopode Wizard)             Turns: 20761, Time: 00:46:04

Health: 0/106      AC: 25    Str: 12    XL:     11   Next: 89%
Magic:  20/20      EV:  2    Int: 24    God:    Sif Muna [****..]
Gold:   274        SH:  4    Dex: 11    Spells: 13/22 levels left

rFire    . . .     SeeInvis .   a - +1 short sword (venom)
rCold    . . .     Gourm    .   d - +0 buckler
rNeg     + + +     Faith    +   (helmet currently unavailable)
rPois    +         Spirit   .   x - amulet of faith
rElec    .         Reflect  .   X - +6 ring of strength
rCorr    .         Harm     .   (no ring)
MR       .....     NoTele   +   (no ring)
Stlth    ++++......             (no ring)
HPRegen  0.27/turn              (no ring)
MPRegen  0.17/turn              (no ring)
                                (no ring)
                                (no ring)

@: tree-form
A: almost no armour, stealthy swim, (amphibious), 8 rings, (constrict 8)
a: Channel Magic, Forget Spell, Divine Exegesis, Renounce Religion


You were on level 9 of the Dungeon.
You worshipped Sif Muna.
Sif Muna was greatly pleased with you.
You were hungry.
You were a tree.
You visited 2 branches of the dungeon, and saw 11 of its levels.

You collected 736 gold pieces.
You spent 462 gold pieces at shops.

Inventory:

Hand Weapons
 a - a +1 short sword of venom (weapon)
 b - a +2 war axe of electrocution
 l - the +9 war axe "Zagu" {protect, Str+6 Dex+7}
   (You bought it in a shop on level 8 of the Dungeon)

   It grants its wielder temporary protection when it strikes (+7 to AC).
   It affects your strength (+6).
   It affects your dexterity (+7).
 R - a +1 flail of holy wrath
Missiles
 g - 504 stones (quivered)
 p - 12 sling bullets
 y - 12 javelins
 B - 2 throwing nets
 E - 231 arrows
 H - 5 boomerangs
 I - 37 bolts
 N - 20 poisoned darts
Armour
 d - a +0 buckler (worn)
 o - a +0 hat (melded)
 u - a +3 tower shield
Jewellery
 x - an amulet of faith (around neck)
 A - an uncursed ring of ice
 V - an uncursed amulet of magic regeneration {unknown}
 X - a +6 ring of strength (left branch)
Wands
 L - a wand of flame (13)
 M - a wand of polymorph (8)
 S - a wand of clouds (4)
 T - a wand of paralysis (5)
 Y - a wand of enslavement (8)
Scrolls
 f - a scroll of random uselessness {unknown}
 j - 3 scrolls of enchant weapon
 k - 6 scrolls of amnesia
 q - a scroll of noise {unknown}
 r - 4 scrolls of blinking
 v - 2 scrolls of enchant armour
 z - 4 scrolls of teleportation
 C - 2 scrolls of fog
 J - 3 scrolls of remove curse
 K - 3 scrolls of magic mapping
 P - a scroll of acquirement {unknown}
 Q - a scroll of summoning
 W - a scroll of torment {unknown}
Potions
 e - 4 potions of mutation
 h - 4 potions of might
 i - a potion of stabbing
 m - a potion of flight
 n - 3 potions of curing
 s - 3 potions of heal wounds
 t - a potion of invisibility
 w - 3 potions of ambrosia
 D - 2 potions of resistance
 F - 2 potions of haste
 O - a potion of magic
Comestibles
 c - 26 rations


   Skills:
 - Level 5.0 Fighting
 + Level 8.5 Axes
 - Level 5.0 Dodging
 - Level 8.0 Stealth
 - Level 4.0 Shields
 - Level 6.0 Spellcasting
 - Level 4.0 Conjurations
   Level 1.0 Summonings
 - Level 4.0 Translocations
 - Level 4.0 Fire Magic
 - Level 4.0 Air Magic
 - Level 4.0 Poison Magic
 + Level 9.3 Invocations


You had 13 spell levels left.
You knew the following spells:

 Your Spells              Type           Power        Failure   Level  Hunger
a - Magic Dart            Conj           ####         1%          1    None
c - Conjure Flame         Conj/Fire      ####....     4%          3    #......
e - Mephitic Cloud        Conj/Pois/Air  ####....     4%          3    #......
g - Blink                 Tloc           N/A          2%          2    None

Your spell library contained the following spells:

 Spells                   Type           Power        Failure   Level  Hunger
 Call Imp                 Summ           ##......     8%          2    None
 Slow                     Hex            #.......     12%         2    None
 Bolt of Magma            Conj/Fire/Erth ###.......   58%         5    #####..
 Iskenderun's Battlesphe  Conj/Chrm      ###.....     67%         5    #####..
 Iron Shot                Conj/Erth      ###.......   99%         6    ######.
 Orb of Destruction       Conj           ####......   100%        7    #######
 Spellforged Servitor     Conj/Summ      ###.......   100%        7    #######


Dungeon Overview and Level Annotations

Branches:
Dungeon (10/15)            Temple (1/1) D:6            Lair (0/6) D:9
    Orc (0/2) D:9

Altars:
Ashenzari
Cheibriados
Dithmenos
Elyvilon
Fedhas
Gozag
Hepliaklqana
Kikubaaqudgha
Makhleb
Nemelex Xobeh
Okawaru
Qazlal
Sif Muna
Trog
Uskayaw
Vehumet
Wu Jian
Xom
Yredelemnul
Zin
The Shining One

Shops:
D:5 }   D:8 **(   D:10 [

Portals:
Abyss: D:4

Annotations:
D:4 2 transporters, thethe's ghost, amateur VSWz


Innate Abilities, Weirdness & Mutations

You cannot wear most types of armour.
You are very stealthy in the water. (Stealth+)
((You are amphibious.))
You can wear up to eight rings at the same time.
((You can use your tentacles to constrict eight enemies at once.))
((Your skin changes colour to match your surroundings (Stealth+).))
((Your rubbery body absorbs attacks. (AC +1, EV +1)))


Message History

* * * LOW HITPOINT WARNING * * *
Something hits you but does no damage.
You hit something but do no damage.
Something hits you but does no damage. x2
You swing at nothing.
Something hits you.
* * * LOW HITPOINT WARNING * * *
You swing at nothing.
Something hits you but does no damage.
You swing at nothing.
Something hits you but does no damage.
You swing at nothing.
Something hits you.
* * * LOW HITPOINT WARNING * * *
You swing at nothing.
Something hits you but does no damage.
You swing at nothing.
Something hits you.
* * * LOW HITPOINT WARNING * * *
You swing at nothing.
You block something's attack.
You swing at nothing.
Something hits you but does no damage.
You swing at nothing.
Something hits you but does no damage.
You swing at nothing.
Something hits you but does no damage.
You barely miss something. Something hits you.
* * * LOW HITPOINT WARNING * * *
You swing at nothing.
Something hits you!
You die...

..# ###########.....).)...... ..#
#......))...... ..########
#.....<........ .........#
#############... ......#..#
#...........#... ......#..#
#...........#... ..>......#
#...<.......#...
.........#########...........#...
................♣............#...
.............................#...
#.#########.#####.#######'####...
......#.........#.#.........#....
......#....#....#.#...<.....#....
......#..#...#..#.#.........#####
......#.........#.#.........##...
........#...[.#...#..)...........
......#.........#.############...


There were no monsters in sight!

Vanquished Creatures
  2 centaur warriors
  3 death yaks (D:9)
  2 unseen horrors (D:9)
  An ugly thing (D:9)
  A cyclops (D:8)
  2 gargoyles
  A troll (D:10)
  2 hippogriffs
  A wraith (D:7)
  A vampire mosquito (D:9)
  5 yaks (D:9)
  2 hungry ghosts (D:9)
  4 orc warriors
  2 ice beasts
  3 sky beasts
  2 black bears
  A necrophage (D:7)
  5 ogres
  4 centaurs
  3 big kobolds
  10 bullfrogs
  A wyvern zombie (D:9)
  A scorpion (D:6)
  6 killer bees (D:10)
  4 wights (D:9)
  5 howler monkeys
  5 crimson imps
  A bullfrog zombie (D:10)
  A quasit (D:4)
  5 hounds
  2 centaur zombies
  A centaur skeleton (D:7)
  7 orc priests
  2 bullfrog skeletons
  An iguana (D:9)
  6 orc wizards
  5 worker ants
  A hound zombie (D:9)
  3 hound skeletons
  A worker ant zombie (D:8)
  Robin (D:1)
  6 gnolls
  14 adders
  5 shadow imps
  An adder zombie (D:8)
  An adder skeleton (D:3)
  4 worms
  2 dart slugs
  8 leopard geckos
  29 orcs
  11 bats
  4 giant cockroaches
  12 hobgoblins
  11 jackals
  25 kobolds
  5 quokkas
  8 frilled lizards
  19 goblins
  A leopard gecko zombie (D:2)
  12 rats
294 creatures vanquished.

Vanquished Creatures (others)
  3 plants (D:8)
3 creatures vanquished.

Grand Total: 297 creatures vanquished

Notes
Turn   | Place    | Note
-------+----------+-------------------------------------------
     0 | D:1      | Kagalorn the Octopode Wizard began the quest for the Orb.
     0 | D:1      | Reached XP level 1. HP: 11/11 MP: 4/4
   293 | D:1      | Reached XP level 2. HP: 12/18 MP: 0/6
   952 | D:1      | Reached XP level 3. HP: 5/22 MP: 0/7
  1304 | D:1      | Learned a level 2 spell: Blink
  1324 | D:2      | Reached skill level 1 in Shields
  1650 | D:2      | Noticed Robin
  1977 | D:1      | Killed Robin
  1977 | D:1      | Reached skill level 1 in Fighting
  2496 | D:2      | Reached XP level 4. HP: 28/28 MP: 3/8
  3941 | D:3      | Found a snail-covered altar of Cheibriados.
  3941 | D:3      | Found an iron altar of Okawaru.
  3953 | D:3      | Reached XP level 5. HP: 33/33 MP: 0/10
  4756 | D:3      | Learned a level 3 spell: Conjure Flame
  5447 | D:3      | Reached XP level 6. HP: 39/39 MP: 6/11
  6402 | D:4      | Found a transporter.
  6410 | D:4      | Found a one-way gate to the infinite horrors of the Abyss.
  6410 | D:4      | Noticed thethe's ghost (amateur VSWz)
  6425 | D:4      | Found a transporter.
  6561 | D:4      | Found an opulent altar of Gozag.
  7182 | D:5      | Entered Level 5 of the Dungeon
  7334 | D:4      | Reached skill level 1 in Fire Magic
  7614 | D:5      | HP: 1/41 [centaur (2)]
  7615 | D:5      | Reached XP level 7. HP: 1/45 MP: 3/12
  8133 | D:5      | Found Vurgh's Gadget Emporium.
  8403 | D:5      | Found a hide-covered altar of Uskayaw.
  8865 | D:6      | Reached skill level 5 in Stealth
  8961 | D:6      | Found a staircase to the Ecumenical Temple.
  9191 | Temple   | Entered the Ecumenical Temple
  9260 | Temple   | Became a worshipper of Sif Muna the Loreminder
  9433 | D:6      | Reached XP level 8. HP: 17/52 MP: 14/14
 10076 | D:6      | Found a shadowy altar of Dithmenos.
 10449 | D:6      | Found a radiant altar of Vehumet.
 10601 | D:6      | Learned a level 3 spell: Mephitic Cloud
 10705 | D:6      | Found a staircase to the Ecumenical Temple.
 11408 | D:6      | Reached skill level 1 in Poison Magic
 11576 | D:7      | Noticed a hippogriff
 11617 | D:6      | Reached skill level 1 in Air Magic
 12112 | D:7      | Killed a hippogriff
 12112 | D:7      | Reached XP level 9. HP: 48/58 MP: 4/16
 12668 | D:7      | Reached * piety under Sif Muna
 13493 | D:8      | Found Poqipe Luuh's Assorted Antiques.
 13505 | D:8      | Bought a murky sapphire potion for 18 gold pieces
 13505 | D:8      | Bought a scroll labeled QEZIEXZYTE for 20 gold pieces
 13561 | D:8      | Found Xezu's General Store.
 13568 | D:8      | Bought a potion of heal wounds for 70 gold pieces
 13568 | D:8      | Bought a scroll of summoning for 133 gold pieces
 13793 | D:8      | Reached skill level 5 in Spellcasting
 13903 | D:8      | Found Haecef's Antique Weapon Shoppe.
 14059 | D:8      | Bought a faintly glowing war axe for 221 gold pieces
 14074 | D:8      | Noticed a cyclops
 14105 | D:8      | Noticed a centaur warrior
 14359 | D:7      | Identified the +9 war axe "Zagu" {protect, Str+6 Dex+7}
                  | (You bought it in a shop on level 8 of the Dungeon)
 14677 | D:8      | Reached skill level 5 in Dodging
 14677 | D:8      | Reached skill level 1 in Invocations
 14799 | D:8      | Killed a centaur warrior
 14799 | D:8      | Reached skill level 1 in Axes
 14799 | D:8      | Reached skill level 2 in Invocations
 14799 | D:8      | Reached XP level 10. HP: 6/65 MP: 16/18
 15377 | D:8      | Killed a cyclops
 15379 | D:8      | Reached skill level 5 in Fighting
 15646 | D:9      | Reached ** piety under Sif Muna
 16043 | D:9      | Reached skill level 3 in Invocations
 16533 | D:9      | Noticed a death yak
 16579 | D:9      | Noticed a death yak
 16593 | D:9      | Killed a death yak
 16593 | D:9      | Reached skill level 4 in Invocations
 16658 | D:9      | Noticed a death yak
 16756 | D:9      | Reached skill level 5 in Invocations
 17034 | D:9      | Killed a death yak
 17034 | D:9      | Reached skill level 5 in Axes
 17040 | D:9      | Reached skill level 6 in Invocations
 17040 | D:9      | Reached XP level 11. HP: 41/71 MP: 12/20
 17089 | D:9      | Killed a death yak
 17449 | D:9      | Reached *** piety under Sif Muna
 17473 | D:9      | Reached skill level 7 in Invocations
 17790 | D:9      | Found a staircase to the Lair.
 17912 | D:9      | Found a staircase to the Orcish Mines.
 18221 | D:9      | Noticed a centaur warrior
 18228 | D:9      | Noticed a green ugly thing
 18235 | D:9      | Killed a green ugly thing
 18240 | D:9      | Killed an unseen horror
 18243 | D:9      | Killed a centaur warrior
 18243 | D:9      | Reached skill level 8 in Invocations
 18583 | D:9      | Killed an unseen horror
 18982 | D:10     | Entered Level 10 of the Dungeon
 19557 | D:10     | Reached skill level 9 in Invocations
 19612 | D:10     | Reached **** piety under Sif Muna
 19939 | D:10     | Found Wenitz's Antique Armour Boutique.
 20761 | D:9      | Slain by an unseen horror

Illustrated notes

Levels and vault maps discovered:
D:1:      psy_arrival_whirlpool, layout_basic, minmay_misc_feat_cross,
          st_stairs_11
D:2:      layout_loops_ring, nicolae_overflow_hidden_temple, uniq_robin
D:3:      minmay_chambers_of_threes, layout_loops_cross,
          gammafunk_temple_overflow_wave
D:4:      layout_loops_ring, kennysheep_mini_moat,
          gammafunk_ghost_abyssal_escape, corexii_item_surrounded_by_moat
D:5:      layout_basic, lemuel_round_altar, first_ration, serial_shops,
          nicolae_shop_waterfront
D:6:      layout_loops_ring, lemuel_coloured_pillars_altar, vehumet_crystals,
          temple_fountains, serial_glass, glass_columns_c, glass_columns_c,
          glass_columns_a, glass_columns_b, glass_columns_a, glass_columns_a,
          glass_columns_b, glass_columns_c
D:7:      layout_cave_pods, minivault_22
D:8:      layout_loops_ring, serial_shops, shop, shop, shop, blue_anna_alchemist
          [blue_anna_fruit_fields, blue_anna_fruit_fields],
          minmay_misc_feat_encased, minmay_shattered_shrine
D:9:      layout_stronghold, dpeg_lair_monsters, orc_0_dummy,
          minmay_the_grid_2x2 [minmay_the_grid_empty,
          minmay_the_grid_pillar_ring, minmay_the_grid_square_x,
          minmay_the_grid_prize_inner_circle]
D:10:     layout_irregular_city, serial_shops, nicolae_shop_overgrown_old_shop
Temple:   regret_index_temple_waves

Skill      XL: |  1  2  3  4  5  6  7  8  9 10 11 |
---------------+----------------------------------+-----
Stealth        | 3 4 5 6 7 8 |  8.0
Shields        | 1 2 3 4 |  4.0
Fighting       | 1 2 3 4 5 |  5.0
Conjurations   | 2 3 4 |  4.0
Dodging        | 3 4 5 |  5.0
Fire Magic     | 1 2 3 4 |  4.0
Translocations | 2 3 4 |  4.0
Spellcasting   | 4 5 6 |  6.0
Poison Magic   | 2 4 |  4.0
Air Magic      | 1 3 4 |  4.0
Invocations    | 2 6 9 |  9.3
Axes           | 1 5 8 |  8.5
Summonings     | |  1.0

Action                   |  1- 3 |  4- 6 |  7- 9 | 10-12 || total
-------------------------+-------+-------+-------+-------++-------
Melee: Unarmed           |    45 |       |       |       ||    45
       Constrict         |    11 |    11 |    31 |    19 ||    72
       Tentacles         |     7 |     9 |    27 |    42 ||    85
       Dagger            |       |    74 |     9 |       ||    83
       Short sword       |       |       |   122 |     4 ||   126
       War axe           |       |       |    56 |   147 ||   203
Throw: Stone             |       |     2 |     6 |       ||     8
       Javelin           |       |       |     5 |       ||     5
 Cast: Magic Dart        |    90 |   267 |   225 |   178 ||   760
       Blink             |       |     3 |     7 |     3 ||    13
       Conjure Flame     |       |     1 |     8 |    26 ||    35
       Mephitic Cloud    |       |       |       |     6 ||     6
Evoke: Wand              |       |       |       |     2 ||     2
  Use: Scroll            |       |     7 |    10 |     6 ||    23
       Potion            |       |     1 |     3 |     5 ||     9
 Stab: Sleeping          |       |     4 |     5 |     9 ||    18
       Confused          |       |       |       |     1 ||     1
  Eat: Chunk             |     5 |    15 |    13 |    13 ||    46
       Ration            |       |       |     3 |     2 ||     5
Armor: Skin              |     7 |    13 |    17 |    50 ||    87
Dodge: Dodged            |    30 |    77 |   126 |    97 ||   330
Block: Buckler           |     4 |    46 |    45 |    34 ||   129
